 Dungeon Crawl Stone Soup version 0.29.0-13-gc9e81de378 (webtiles) character file.

Game seed: 10818322503863898300

84851 groovy9 the Severer (level 15, -5/141 HPs)
             Began as a Hill Orc Fighter on Sept 11, 2022.
             Was the Champion of Okawaru.
             Slain by a radroach (33 damage)
             ... on level 3 of the Spider Nest.
             The game lasted 01:17:54 (20932 turns).

groovy9 the Severer (Hill Orc Fighter)             Turns: 20932, Time: 01:17:54

Health: -5/141     AC: 24    Str: 31    XL:     15   Next: 81%
Magic:  3/31       EV:  6    Int: 17    God:    Okawaru [******]
Gold:   871        SH: 24    Dex: 13    Spells: 14/14 levels left

rFire   . . .      SeeInvis +   a - +7 broad axe "Ifetiad" {flame, *Noise rC+ MP+9 SInv}
rCold   + + .      Faith    .   L - +1 tower shield of Tempters {*Corrode Fly Int+3 Dex+3}
rNeg    + + .      Spirit   .   M - +4 plate armour of Jinatugo {Regen+ Str+4 SInv}
rPois   +          Reflect  +   N - +1 hat of Gravitas {Will+}
rElec   .          Harm     +   w - +2 cloak {Will+}
rCorr   .          Rampage  +   q - +2 pair of gloves of the Other World {Harm rPois rN++ SInv}
Will    +++..                   D - +2 pair of boots {rampage}
Stlth   ..........              u - amulet of reflection
HPRegen 1.13/turn               E - ring of protection from cold
MPRegen 0.22/turn               H - +6 ring of intelligence

@: corroded, flying, contaminated, slowed, glowing, very slow
A: horns 1, mutation resistance 1, no potion heal 1
a: Renounce Religion, Heroism, Finesse, Duel


You were on level 3 of the Spider Nest.
You worshipped Okawaru.
Okawaru was exalted by your worship.
You visited 4 branches of the dungeon, and saw 18 of its levels.
You also visited: Ossuary.

You collected 1940 gold pieces.
You spent 1069 gold pieces at shops.

Inventory:

Hand Weapons
 a - the +7 broad axe "Ifetiad" (weapon) {flame, *Noise rC+ MP+9 SInv}
   (Okawaru gifted it to you on level 1 of the Spider Nest)

   It burns those it strikes, dealing additional fire damage.
   Big, fiery blades are also staple armaments of hydra-hunters.
   rC:        It protects you from cold.
   MP:        It affects your magic capacity (+9).
   SInv:      It lets you see invisible.
   *Noise:    It may make noises in combat.
Armour
 c - a +0 cloak of poison resistance
 q - the +2 pair of gloves of the Other World (worn) {Harm rPois rN++ SInv}
   (You bought it in a shop on level 2 of the Orcish Mines)

   rPois:     It protects you from poison.
   rN:        It greatly protects you from negative energy.
   SInv:      It lets you see invisible.
   Harm:      It increases damage dealt and taken.
 w - a +2 cloak of willpower (worn)
 D - a +2 pair of boots of rampaging (worn)
 L - the +1 tower shield of Tempters (worn) {*Corrode Fly Int+3 Dex+3}
   (Okawaru gifted it to you on level 2 of the Spider Nest)

   Int:       It affects your intelligence (+3).
   Dex:       It affects your dexterity (+3).
   Fly:       It grants you flight.
   *Corrode:  It may corrode you when you take damage.
 M - the +4 plate armour of Jinatugo (worn) {Regen+ Str+4 SInv}
   (Okawaru gifted it to you on level 9 of the Dungeon)

   Str:       It affects your strength (+4).
   SInv:      It lets you see invisible.
   Regen:     It increases your rate of health regeneration.
 N - the +1 hat of Gravitas (worn) {Will+}
   (Okawaru gifted it to you on level 1 of the Orcish Mines)

   Will:      It increases your willpower.
Jewellery
 u - an amulet of reflection (around neck)
 B - a ring of ice
 E - a ring of protection from cold (left hand)
 H - a +6 ring of intelligence (right hand)
 J - an amulet of faith
Wands
 g - a wand of roots (10)
Scrolls
 b - a scroll of enchant armour
 f - 9 scrolls of teleportation
 h - 4 scrolls of vulnerability
 l - 10 scrolls of identify
 r - 6 scrolls of immolation
 s - 4 scrolls of fog
 t - 2 scrolls of summoning
 x - 3 scrolls of poison
 y - a scroll of torment
 z - 2 scrolls of magic mapping
 I - 2 scrolls of amnesia
 O - a scroll of fear
Potions
 d - 3 potions of might
 e - 4 potions of heal wounds
 i - 3 potions of brilliance
 j - 3 potions of cancellation
 k - a potion of invisibility
 m - 3 potions of degeneration
 n - 3 potions of haste
 o - 3 potions of flight
 p - 4 potions of lignification
 A - 7 potions of curing
 C - 4 potions of attraction
 F - a potion of magic {unknown}
 G - 2 potions of resistance
 K - 2 potions of ambrosia


   Skills:
 + Level 15.5 Fighting
 * Level 19.5 Axes
 + Level 14.3 Armour
 + Level 14.3 Shields
 - Level 10.6 Invocations


You had 14 spell levels left.
You didn't know any spells.
Your spell library contained the following spells:

 Spells                   Type           Power      Damage    Failure   Level
 Ensorcelled Hibernation  Hex/Ice        0%         N/A       100%        2
 Passwall                 Tmut/Erth      0%         N/A       100%        2
 Dazzling Flash           Conj/Hex       0%         N/A       100%        3
 Swiftness                Air            0%         N/A       100%        3
 Agony                    Necr           0%         N/A       100%        5
 Freezing Cloud           Conj/Ice/Air   0%         6-21      100%        5
 Silence                  Hex/Air        0%         N/A       100%        5
 Polar Vortex             Ice            0%         N/A       100%        9
 Simulacrum               Ice/Necr       Unusable   N/A       N/A         6

Dungeon Overview and Level Annotations

Branches:
Dungeon (10/15)            Temple (0/1) D:4            Lair (3/5) D:10
 Shoals (0/4) Lair:2       Spider (3/4) Lair:2          Orc (2/2) D:10
    Elf (0/3) Orc:2       Ossuary (visited)

Altars:
Ashenzari
Cheibriados
Dithmenos
Fedhas
Gozag
Hepliaklqana
Kikubaaqudgha
Makhleb
Nemelex Xobeh
Okawaru
Qazlal
Ru
Sif Muna
Trog
Uskayaw
Vehumet
Wu Jian
Xom
Yredelemnul
Zin
The Shining One

Shops:
D:4 *   D:5 ([*(   D:6 [   D:8 *[*?(   Orc:2 [!**


Innate Abilities, Weirdness & Mutations

You have a pair of small horns on your head.
You are somewhat resistant to further mutation.
Potions are less effective at restoring your health.


Message History

A torpor snail comes into view.
You block the radroach's attack. x2
You completely miss the radroach.
You headbutt the radroach, but do no damage.
You block the radroach's attack. x2
Being near the torpor snail leaves you feeling lethargic.
You hit the radroach but do no damage.
You headbutt the radroach, but do no damage.
The radroach erupts in a fountain of uncontrolled magic!
You are blasted with magical radiation!!!
You are very lightly contaminated with residual magic.
The radroach barely misses you.
The radroach claws you but does no damage.
You are too injured to fight recklessly!
You are too injured to fight recklessly!
You are too injured to fight recklessly!
You are too injured to fight recklessly!
You are too injured to fight recklessly!
You are too injured to fight recklessly!
You are too injured to fight recklessly!
You are too injured to fight recklessly!
You are too injured to fight recklessly!
You are too injured to fight recklessly!
You are too injured to fight recklessly!
You are too injured to fight recklessly!
You barely miss the radroach. You block the radroach's attack. x2
You hit the radroach. You burn the radroach.
The radroach is lightly wounded.
The radroach erupts in a fountain of uncontrolled magic!
You are blasted with magical radiation!
You are lightly contaminated with residual magic.
You hit the radroach but do no damage.
The radroach is lightly wounded.
The radroach erupts in a fountain of uncontrolled magic!
You are blasted with magical radiation!!
* * * LOW HITPOINT WARNING * * *
You are contaminated with residual magic.
The radroach erupts in a fountain of uncontrolled magic!
You are blasted with magical radiation!!
You die...

.§...^..^.............^.
...........^.........>..
.....(...................
.........................
.........................
.....w...................
.....s..^......^.†....^..
.......B.........=..(....
.......^@................
......^..^††.........<...
......!..†...............
..................^......
#########################


You could see a radroach, a torpor snail and an orb spider.

Vanquished Creatures
  Arachne (Spider:2)
  Mlioglotl (Spider:2)
  Kirke (Spider:2)
  3 emperor scorpions
  2 ghost moths
  Aizul (Spider:3)
  A broodmother (Spider:1)
  4 entropy weavers
  2 spark wasps
  An ettin (Orc:1)
  3 hydras
  A jorogumo (Spider:1)
  A boulder beetle (Lair:2)
  Fannar (Lair:1)
  A two-headed ogre (D:10)
  Erica (Lair:2)
  2 radroaches
  The ghost of Marcotte the Cleaver, a novice HOFi of Ashenzari (Lair:1)
  3 death yaks (D:10)
  Urug (Lair:2)
  4 orc high priests (Orc:2)
  5 pharaoh ants
  4 orb spiders
  5 steelbarb worms
  21 wolf spiders
  2 oklob plants
  2 orc knights (Orc:2)
  5 orc sorcerers (Orc:2)
  2 moths of wrath (Spider:2)
  2 black mambas
  Maurice (D:9)
  3 torpor snails
  8 cane toads
  A gargoyle (D:10)
  Maggie (D:9)
  5 demonic crawlers
  A rime drake (Lair:3)
  5 komodo dragons
  2 anaconda simulacra (Lair:1)
  5 trolls
  A hornet (D:6)
  Prince Ribbit (D:9)
  7 blink frogs
  17 tarantellas
  A snapping turtle (Lair:2)
  16 jumping spiders
  A shadow (D:9)
  19 yaks
  2 dire elephant simulacra (Lair:1)
  5 basilisks
  2 wyverns
  A wraith (Ossuary)
  2 hogs (Spider:2)
  A spectral fire crab (Lair:1)
  15 culicivoras
  A fire elemental (Lair:2)
  4 humans
  A death yak simulacrum (Lair:1)
  2 steam dragons
  36 redbacks
  Menkaure (D:4)
  An acid dragon (D:10)
  A spectral cane toad (Lair:1)
  9 water moccasins
  2 wargs
  A hydra simulacrum (Lair:1)
  26 orc warriors
  An ice beast (D:6)
  A sky beast (D:6)
  A boulder beetle simulacrum (Lair:1)
  8 wolves
  10 ogres
  5 centaurs
  A phantom (D:5)
  4 kobold brigands
  7 bullfrogs
  8 scorpions
  2 wights
  5 killer bees (D:10)
  3 electric eels
  7 howler monkeys
  A lava snake (Lair:2)
  A crimson imp (D:10)
  A human zombie (Ossuary)
  A komodo dragon simulacrum (Lair:1)
  28 orc priests
  4 hounds
  4 jellies
  A water moccasin simulacrum (Lair:1)
  A gnoll bouda (D:4)
  An iguana (D:6)
  28 orc wizards
  2 yak simulacra (Lair:1)
  A hell rat (D:10)
  3 mummies (Ossuary)
  8 gnolls (D:4)
  11 adders
  A shadow imp (D:6)
  2 white imps
  An ufetubus (D:5)
  3 worms
  4 dart slugs
  62 orcs
  15 ball pythons
  6 endoplasms
  5 giant cockroaches
  9 hobgoblins
  8 jackals
  6 quokkas
  15 bats
  5 frilled lizards
  13 goblins
  A goblin zombie (Ossuary)
  A hobgoblin zombie (Ossuary)
  18 kobolds
  2 kobold zombies (Ossuary)
  10 rats
  A bush (Lair:2)
639 creatures vanquished.

Vanquished Creatures (others)
  8 fungi
  3 plants
  3 starspawn tentacles (Spider:3)
14 creatures vanquished.

Grand Total: 653 creatures vanquished

Notes
Turn   | Place    | Note
-------+----------+-------------------------------------------
     0 | D:1      | groovy9 the Hill Orc Fighter began the quest for the Orb.
     0 | D:1      | Reached XP level 1. HP: 19/19 MP: 1/1
    23 | D:1      | Reached skill level 3 in Axes
   152 | D:1      | Reached XP level 2. HP: 26/26 MP: 2/2
   206 | D:1      | Reached skill level 4 in Axes
   521 | D:1      | Reached XP level 3. HP: 24/31 MP: 3/3
   753 | D:1      | Found a faded altar of an unknown god.
  1013 | D:2      | Reached skill level 5 in Axes
  1110 | D:2      | Reached XP level 4. HP: 39/39 MP: 4/4
  1614 | D:2      | Reached skill level 6 in Axes
  2487 | D:3      | Found a glowing silver altar of Zin.
  2493 | D:3      | Found a sacrificial altar of Ru.
  2550 | D:3      | Reached XP level 5. HP: 45/45 MP: 5/5
  2802 | D:3      | Found an iron altar of Okawaru.
  2811 | D:3      | Became a worshipper of Warmaster Okawaru
  2991 | D:4      | Reached skill level 7 in Axes
  3033 | D:4      | Noticed Menkaure
  3178 | D:4      | Killed Menkaure
  3179 | D:4      | Reached skill level 8 in Axes
  3179 | D:4      | Reached XP level 6. HP: 28/51 MP: 6/6
  3344 | D:4      | Found a broken altar of Ashenzari.
  3356 | D:4      | Reached * piety under Okawaru
  3387 | D:4      | Reached skill level 9 in Axes
  3677 | D:4      | Reached skill level 10 in Axes
  3677 | D:4      | Reached XP level 7. HP: 19/57 MP: 7/7
  4002 | D:4      | Found a staircase to the Ecumenical Temple.
  4037 | D:4      | Found Siufar's CLEARANCE SALE!.
  4147 | D:4      | Found a hide-covered altar of Uskayaw.
  4685 | D:5      | Entered Level 5 of the Dungeon
  4687 | D:5      | Found a sand-covered staircase.
  4712 | Ossuary  | Entered an ossuary
  4712 | Ossuary  | Noticed a wraith
  4712 | Ossuary  | Noticed a wraith
  4712 | Ossuary  | Noticed a wraith
  4885 | Ossuary  | Reached skill level 11 in Axes
  5147 | Ossuary  | Noticed a wraith
  5155 | Ossuary  | Killed a wraith
  5155 | Ossuary  | Reached ** piety under Okawaru
  5156 | Ossuary  | Reached XP level 8. HP: 23/64 MP: 8/8
  5364 | Ossuary  | Gained mutation: You sometimes lose your temper in combat.
                  | [potion of mutation]
  5364 | Ossuary  | Gained mutation: You expend magic power (3 MP) to
                  | strengthen your wands. [potion of mutation]
  5474 | D:5      | Reached skill level 12 in Axes
  5560 | D:5      | Found Silafel's General Store.
  5634 | D:5      | Found Cioshre's Antique Weapon Emporium.
  5705 | D:5      | Found a basalt altar of Yredelemnul.
  5711 | D:5      | Found a glowing golden altar of the Shining One.
  5713 | D:5      | Noticed an angel
  5739 | D:5      | Found Judith's Weapon Emporium.
  6001 | D:5      | Found Tewe Jey's Armour Shoppe.
  6013 | D:5      | Reached skill level 13 in Axes
  6257 | D:5      | Bought a +2 cloak of willpower for 301 gold pieces
  6332 | D:6      | Reached *** piety under Okawaru
  6487 | D:6      | Found an ornate altar of the Wu Jian Council.
  6526 | D:6      | Found a stormy altar of Qazlal.
  6626 | D:6      | Reached skill level 14 in Axes
  6846 | D:6      | Reached XP level 9. HP: 31/70 MP: 9/9
  7166 | D:5      | Lost mutation: You sometimes lose your temper in combat.
                  | [potion of mutation]
  7166 | D:5      | Lost mutation: You expend magic power (3 MP) to strengthen
                  | your wands. [potion of mutation]
  7166 | D:5      | Gained mutation: You have a pair of small horns on your
                  | head. [potion of mutation]
  7166 | D:5      | Gained mutation: Potions are less effective at restoring
                  | your health. [potion of mutation]
  7261 | D:6      | Reached skill level 15 in Axes
  7387 | D:6      | Found Romusep's Antique Armour Shop.
  7405 | D:6      | Reached **** piety under Okawaru
  7772 | D:6      | Noticed a hornet
  7783 | D:6      | Killed a hornet
  8248 | D:7      | Reached skill level 16 in Axes
  9020 | D:8      | Reached skill level 1 in Invocations
  9535 | D:8      | Reached ***** piety under Okawaru
  9542 | D:8      | Reached XP level 10. HP: 63/80 MP: 11/11
  9760 | D:8      | Found a snail-covered altar of Cheibriados.
  9888 | D:8      | Found Yluj's Antique Armour Emporium.
  9912 | D:8      | Found a bloodstained altar of Trog.
 10017 | D:8      | Found Olaips's Antique Weapon Shop.
 10041 | D:8      | Found Mehauruq's Magic Scroll Shop.
 10111 | D:8      | Found Aner's Assorted Antiques.
 10131 | D:8      | Found Fyagg's General Store.
 10307 | D:9      | Found a hazy altar of Hepliaklqana.
 10307 | D:9      | Found a blossoming altar of Fedhas.
 10307 | D:9      | Found a shimmering blue altar of Sif Muna.
 10307 | D:9      | Found an ancient bone altar of Kikubaaqudgha.
 10316 | D:9      | Reached skill level 5 in Fighting
 10711 | D:9      | Noticed Prince Ribbit
 10719 | D:9      | Killed Prince Ribbit
 10725 | D:9      | Reached skill level 5 in Armour
 10725 | D:9      | Reached skill level 5 in Shields
 10888 | D:9      | Noticed Maggie
 10901 | D:9      | Killed Maggie
 11067 | D:9      | Noticed Maurice
 11081 | D:9      | Killed Maurice
 11081 | D:9      | Identified the +4 plate armour of Jinatugo {Regen+ Str+4
                  | SInv} (Okawaru gifted it to you on level 9 of the Dungeon)
 11081 | D:9      | Received a gift from Okawaru
 11082 | D:9      | Reached skill level 5 in Invocations
 11200 | D:9      | Found a large runed translucent door.
 11200 | D:9      | Found a large runed translucent door.
 11597 | D:9      | Found a shadowy altar of Dithmenos.
 11616 | D:9      | Found a radiant altar of Vehumet.
 11647 | D:10     | Entered Level 10 of the Dungeon
 11831 | D:10     | Found a shimmering altar of Xom.
 11831 | D:10     | Found a burning altar of Makhleb.
 11875 | D:10     | Noticed a two-headed ogre
 11880 | D:10     | Killed a two-headed ogre
 11881 | D:10     | Reached XP level 11. HP: 74/92 MP: 15/15
 11907 | D:10     | Found an opulent altar of Gozag.
 11931 | D:10     | Found a staircase to the Lair.
 11932 | D:10     | Noticed a death yak
 11932 | D:10     | Noticed a death yak
 11933 | D:10     | Noticed a death yak
 11941 | D:10     | Killed a death yak
 11950 | D:10     | Killed a death yak
 11958 | D:10     | Killed a death yak
 12350 | D:10     | Found a staircase to the Orcish Mines.
 12560 | D:10     | Found a sparkling altar of Nemelex Xobeh.
 12725 | Orc:1    | Entered Level 1 of the Orcish Mines
 13203 | Orc:1    | Identified the +1 hat of Gravitas {Will+} (Okawaru gifted
                  | it to you on level 1 of the Orcish Mines)
 13203 | Orc:1    | Received a gift from Okawaru
 13222 | Orc:1    | Found a shimmering blue altar of Sif Muna.
 13355 | Orc:2    | Entered Level 2 of the Orcish Mines
 13355 | Orc:2    | Noticed an ettin
 13367 | Orc:1    | Killed an ettin
 13613 | Orc:2    | Noticed an orc sorcerer
 13632 | Orc:2    | Killed an orc sorcerer
 13676 | Orc:2    | Noticed an orc knight
 13694 | Orc:2    | Killed an orc knight
 13695 | Orc:2    | Reached XP level 12. HP: 96/104 MP: 16/18
 13783 | Orc:2    | Found a staircase to the Elven Halls.
 14021 | Orc:2    | Noticed an orc high priest
 14022 | Orc:2    | Noticed an orc high priest
 14028 | Orc:2    | Killed an orc high priest
 14134 | Orc:2    | Killed an orc high priest
 14138 | Orc:2    | Noticed a soul eater
 14141 | Orc:2    | Reached skill level 10 in Invocations
 14184 | Orc:2    | Noticed an orc high priest
 14185 | Orc:2    | Noticed a soul eater
 14212 | Orc:2    | Killed an orc high priest
 14213 | Orc:2    | Reached skill level 10 in Fighting
 14323 | Orc:2    | Received a gift from Okawaru
 14655 | Orc:2    | Noticed an orc high priest
 14656 | Orc:2    | Noticed a soul eater
 14672 | Orc:2    | Gained mutation: You are somewhat resistant to further
                  | mutation. [a neqoxec]
 14682 | Orc:2    | Killed an orc high priest
 14849 | Orc:2    | Found Piffai's General Store.
 14849 | Orc:2    | Found Oxkocs's General Store.
 14850 | Orc:2    | Found Waom's Distillery.
 14854 | Orc:2    | Found Sumeb's Armour Shoppe.
 14868 | Orc:2    | Bought the +2 pair of gloves of the Other World {Harm rPois
                  | rN++ SInv} for 484 gold pieces
 14997 | D:8      | Bought a tower shield for 135 gold pieces
 15074 | D:5      | Bought a runed war axe for 149 gold pieces
 15281 | Lair:1   | Entered Level 1 of the Lair of Beasts
 15505 | Lair:1   | Noticed a six-headed hydra
 15513 | Lair:1   | Killed a six-headed hydra
 15514 | Lair:1   | Reached skill level 10 in Armour
 15514 | Lair:1   | Reached skill level 10 in Shields
 15595 | Lair:1   | Reached XP level 13. HP: 107/116 MP: 20/20
 15783 | Lair:1   | Noticed Fannar
 15795 | Lair:1   | Killed Fannar
 15795 | Lair:1   | Reached ****** piety under Okawaru
 15884 | Lair:1   | Found a runed translucent gate.
 15884 | Lair:1   | Found a runed translucent gate.
 15884 | Lair:1   | Found a runed translucent gate.
 15885 | Lair:1   | Noticed Marcotte's ghost (novice HOFi)
 15979 | Lair:1   | Found a transporter.
 16008 | Lair:1   | Found a transporter.
 16243 | Lair:1   | Killed Marcotte's ghost
 16612 | Lair:2   | Noticed Urug
 16624 | Lair:2   | Killed Urug
 16711 | Lair:2   | Found a hole to the Spider Nest.
 16988 | Lair:2   | Noticed Erica
 17001 | Lair:2   | Killed Erica
 17001 | Lair:2   | Received a gift from Okawaru
 17045 | Lair:2   | Found a staircase to the Shoals.
 17928 | Lair:3   | Reached XP level 14. HP: 60/129 MP: 21/21
 18452 | Spider:1 | Entered Level 1 of the Spider Nest
 18468 | Spider:1 | Noticed a broodmother
 18476 | Spider:1 | Killed a broodmother
 18636 | Spider:1 | Identified the +7 broad axe "Ifetiad" {flame, *Noise rC+
                  | MP+9 SInv} (Okawaru gifted it to you on level 1 of the
                  | Spider Nest)
 18636 | Spider:1 | Received a gift from Okawaru
 19065 | Spider:1 | Reached skill level 17 in Axes
 19131 | Spider:1 | Noticed an entropy weaver
 19140 | Spider:1 | Killed an entropy weaver
 19147 | Spider:1 | Received a gift from Okawaru
 19270 | Spider:1 | Noticed an emperor scorpion
 19275 | Spider:1 | Killed an emperor scorpion
 19588 | Spider:2 | Noticed an entropy weaver
 19597 | Spider:2 | Killed an entropy weaver
 19740 | Spider:2 | Reached XP level 15. HP: 139/139 MP: 22/22
 19746 | Spider:2 | Reached skill level 18 in Axes
 20006 | Spider:2 | Noticed Arachne
 20030 | Spider:2 | Noticed a ghost moth
 20031 | Spider:2 | Identified the +1 tower shield of Tempters {*Corrode Fly
                  | Int+3 Dex+3} (Okawaru gifted it to you on level 2 of the
                  | Spider Nest)
 20031 | Spider:2 | Received a gift from Okawaru
 20043 | Spider:2 | Killed a ghost moth
 20049 | Spider:2 | Killed Arachne
 20050 | Spider:2 | Reached skill level 15 in Fighting
 20466 | Spider:3 | Noticed Kirke
 20472 | Spider:2 | Killed Kirke
 20491 | Spider:3 | Noticed an emperor scorpion
 20494 | Spider:3 | Killed an emperor scorpion
 20506 | Spider:3 | Reached skill level 19 in Axes
 20625 | Spider:3 | Noticed an emperor scorpion
 20634 | Spider:3 | Killed an emperor scorpion
 20640 | Spider:3 | Noticed Mlioglotl
 20647 | Spider:3 | Noticed a tentacled starspawn
 20651 | Spider:3 | Noticed a deep elf elementalist
 20722 | Spider:2 | Killed Mlioglotl
 20729 | Spider:3 | Noticed Aizul
 20778 | Spider:3 | Killed Aizul
 20906 | Spider:3 | Noticed a ghost moth
 20921 | Spider:3 | Killed a ghost moth
 20932 | Spider:3 | Slain by a radroach

Illustrated notes

Levels and vault maps discovered:
D:1:      minmay_arrival_up_and_down, layout_basic, basic_ecumenical_altar,
          minmay_tripent
D:2:      minmay_thinvault, layout_basic
D:3:      layout_rooms, kennysheep_okawaru_gauntlet,
          nicolae_overflow_hidden_temple
D:4:      layout_gridville, ashenzari_altar_1,
          nicolae_uskayaw_murder_on_the_dancefloor, temple_doors_ab,
          nicolae_shop_clearance, uniq_menkaure
D:5:      layout_gridville, grunt_temple_overflow_holy_war,
          nicolae_ossuary_entry_monument, serial_shops, nicolae_shop_stone,
          nicolae_shop_statue_plus, nicolae_shop_hallway_plus, kennysheep_mini,
          dreamdust_wishing_well, minmay_misc_feat_chi
D:6:      layout_basic, nicolae_qazlal_general_emergency,
          mainiacjoe_overflow_six_doors_small, serial_shops, shop
D:7:      layout_rooms
D:8:      statuecave_lemuel, layout_loops_ring, kennysheep_slug_shrine,
          trog_three_pillars_becter, serial_shops, shop, shop_statue,
          nicolae_shop_waterfront, nicolae_shop_trees, nicolae_lakefront_shop
D:9:      layout_loops_corners, chequers_temple_overflow_statue_of_worship,
          jmf_multi_god_temple2, uniq_maurice, uniq_prince_ribbit1, uniq_maggie
D:10:     old_forge, layout_basic, grunt_temple_overflow_champion_of_chaos,
          grunt_gozag_breadcrumbs, nemelex_spade_bored_becter,
          dpeg_lair_monsters, amcnicky_mini_pool_medium
Lair:1:   gammafunk_cloud_chamber, layout_hall_layers,
          gammafunk_ghost_necromancy, uniq_fannar
Lair:2:   layout_gridlike, minmay_shoals_entry_hut, spider_nest_entry_webs,
          minmay_lair_oklob_items, lemuel_fruit_tree, uniq_erica, uniq_urug
Lair:3:   layout_regular_city, grunt_megastairs_2
Spider:1: layout_spider_delve, nicolae_spider_jagged_tunnels
Spider:2: layout_spider_delve, uniq_arachne
Spider:3: layout_spider_delve, uniq_donald, uniq_aizul, uniq_kirke,
          uniq_mlioglotl
Orc:1:    layout_caves, kennysheep_orc_sif_temple
Orc:2:    st_orc_mages, layout_diamond_mine

Skill      XL: |  1  2  3  4  5  6  7  8  9 10 11 12 13 14 15 |
---------------+----------------------------------------------+-----
Axes           | 3 4 5 6 8 10 11 14 16 17 19 | 19.5
Invocations    | 2 6 9 10 | 10.6
Fighting       | 4 7 9 11 13 14 15 | 15.5
Armour         | 4 6 8 10 12 13 14 | 14.3
Shields        | 4 6 8 10 12 13 14 | 14.3

Action                   |  1- 3 |  4- 6 |  7- 9 | 10-12 | 13-15 || total
-------------------------+-------+-------+-------+-------+-------++-------
Melee: War axe           |    87 |   158 |   322 |   593 |   284 ||  1444
       Headbutt          |       |       |    20 |   110 |   148 ||   278
       Morningstar       |       |       |       |     4 |    21 ||    25
       Broad axe         |       |       |       |       |   367 ||   367
Invok: Heroism           |       |       |       |     3 |     4 ||     7
       Finesse           |       |       |       |     2 |     3 ||     5
  Use: Scroll            |     4 |     8 |     8 |     8 |     6 ||    34
       Potion            |       |     1 |     8 |     6 |       ||    15
Armor: Scale mail        |    40 |    52 |    75 |       |       ||   167
       Plate armour      |       |       |    27 |   197 |   316 ||   540
Dodge: Dodged            |    48 |    84 |    68 |    88 |    86 ||   374
Block: Buckler           |    22 |    36 |    81 |   187 |       ||   326
       Reflection        |       |       |     6 |    22 |     3 ||    31
       Tower shield      |       |       |       |    33 |   713 ||   746
